 Dungeon Crawl Stone Soup version 0.21-a0-529-g8c7b3f5d53 (webtiles) character file.

56 LarsimusPrime the Skirmisher (level 3, 29/29 HPs)
             Began as a Demonspawn Fighter on Dec 11, 2017.
             Got out of the dungeon alive.
             The game lasted 00:02:09 (1068 turns).

LarsimusPrime the Skirmisher (Demonspawn Fighter)   Turns: 1068, Time: 00:02:09

Health: 29/29      AC:  6    Str: 17    XL:     3   Next: 71%
Magic:  3/3        EV:  7    Int:  9    God:
Gold:   75         SH:  9    Dex: 12    Spells: 2/2 levels left

rFire    . . .     SeeInvis .   a - +0 war axe
rCold    . . .     Gourm    .   c - +0 shield
rNeg     . . .     Faith    .   b - +0 scale mail
rPois    .         Spirit   .   (no helmet)
rElec    .         Reflect  .   (no cloak)
rCorr    .         Harm     .   (no gloves)
MR       .....                  (no boots)
Stlth    +.........             (no amulet)
HPRegen  0.09/turn              (no ring)
MPRegen  0.08/turn              (no ring)

@: no status effects
A: claws 1, nightstalker 1
a: no special abilities


You escaped.
You were hungry.

You visited 1 branch of the dungeon, and saw 2 of its levels.

You collected 75 gold pieces.

Inventory:

Hand Weapons
 a - a +0 war axe (weapon)
Armour
 b - a +0 scale mail (worn)
 c - a +0 shield (worn)
Wands
 l - a wand of digging (14)
Scrolls
 e - 3 scrolls of identify {unknown}
 g - a scroll of enchant armour {unknown}
 h - a scroll of enchant weapon {unknown}
 j - a scroll of teleportation {unknown}
 n - a scroll of fog {unknown}
Potions
 d - a potion of might
 k - a potion of flight {unknown}
 m - a potion of brilliance {unknown}
Comestibles
 f - 2 bread rations
 i - a royal jelly


   Skills:
 + Level 3.6 Fighting
 + Level 2.5 Axes
 + Level 2.9 Armour
 + Level 0.2 Dodging
 + Level 3.0 Shields


You had 2 spell levels left.
You didn't know any spells.

Dungeon Overview and Level Annotations

Branches:
Dungeon (2/15)

Altars:


Innate Abilities, Weirdness & Mutations

You have sharp fingernails.
You are slightly more attuned to the shadows.


Message History

You block the kobold's attack.
You see here a stone.
The kobold hits you but does no damage. You block the kobold's attack.
You barely miss the kobold. The kobold hits you but does no damage.
You hit the kobold.
You kill the kobold!
There is a stone staircase leading up here.
There is a stone staircase leading up here.
You can't go down here!
You climb upwards.
There is a stone staircase leading down here.
There is an open door here.
There is a staircase leading out of the dungeon here.
Are you sure you want to leave the Dungeon?
This will make you lose the game! [Y]es or [N]o only, please.
Are you sure you want to leave the Dungeon?
This will make you lose the game! [Y]es or [N]o only, please.
Are you sure you want to leave the Dungeon?
This will make you lose the game!
You have escaped!

#.........#### #........#
#............# ##.......#
#.........##.# #.......#
###(########'##### ##......#
#.....#.........# #..#####
#.....#.........# ###.#####
#####.....#..⌠...⌠..# #........
#>....###.#.........####........
#.....###.+....@....'.##........
#.......#.#.........#...).......
##.####.#.#..⌠...⌠..####........
#.####.#.#.........# #........
#.#....#.#.........# #........
#.####.#.#####'##### ######..#
#.######.......# #(....#
#....)...####### #.###.#
########## #.# #..


There were no monsters in sight!

Vanquished Creatures
  Ijyb (D:2)
  2 dart slugs (D:1)
  A giant cockroach (D:1)
  7 goblins
  4 hobgoblins
  4 jackals (D:1)
  3 bats (D:1)
  2 kobolds
  2 rats
26 creatures vanquished.

Notes
Turn   | Place    | Note
-------+----------+-------------------------------------------
     0 | D:1      | LarsimusPrime the Demonspawn Fighter began the quest for the Orb.
     0 | D:1      | Reached XP level 1. HP: 18/18 MP: 1/1
   166 | D:1      | Gained mutation: You are slightly more attuned to the shadows. [demonic ancestry]
   166 | D:1      | Reached XP level 2. HP: 24/24 MP: 2/2
   939 | D:2      | Noticed Ijyb
   945 | D:2      | Gained mutation: You have sharp fingernails. [demonic ancestry]
   945 | D:2      | Reached XP level 3. HP: 27/29 MP: 3/3
   950 | D:2      | Killed Ijyb
  1068 | D:$      | Got out of the dungeon alive.

Vault maps used:
D:1:      mushboom_english_gardens
D:2:      kennysheep_the_goblin_king, first_bread, uniq_sigmund

Skill      XL: |  1  2  3 |
---------------+----------+-----
Axes           | 2 |  2.5
Shields        | 3 |  3.0
Fighting       | |  3.6
Armour         | |  2.9
Dodging        | |  0.2

Action                   || total
-------------------------++-------
Melee: War axe           ||    84
Armor: Scale mail        ||    44
Dodge: Dodged            ||    19
Block: Shield            ||    48

Table legend:
 A = Spawn XP
 B = Non-spawn XP
 C = Spawn XP percentage of total XP
 D = Spawn monster count
 E = Non-spawn monster count
 F = Spawn count percentage of total count
 G = Total turns spent on level
                    A         B        C        D         E        F      G
               +---------+---------+-------+---------+---------+-------+---------
         Total |       0 |      81 |   0.0 |       0 |      26 |   0.0 |  1068
               +---------+---------+-------+---------+---------+-------+---------
           D:1 |       0 |      33 |   0.0 |       0 |      17 |   0.0 |   932
           D:2 |       0 |      48 |   0.0 |       0 |       9 |   0.0 |   136
               +---------+---------+-------+---------+---------+-------+---------
